 Dungeon Crawl Stone Soup version 0.29.0-4-gdea44cf6ec (webtiles) character file.

Game seed: 4753572154067382887

65438 qw the Severer (level 14, -15/135 HPs)
             Began as a Minotaur Berserker on Sept 8, 2022.
             Was an Elder of Trog.
             Demolished by a purple ugly thing (17 damage)
             ... on level 14 of the Dungeon.
             The game lasted 00:07:03 (23259 turns).

qw the Severer (Minotaur Berserker)                Turns: 23259, Time: 00:07:04

Health: -15/135    AC: 25    Str: 26    XL:     14   Next: 75%
Magic:  13/13      EV: 13    Int:  4    God:    Trog [****..]
Gold:   818        SH: 18    Dex: 11    Spells: 13/13 levels left

rFire   . . .      SeeInvis .   Y - +4 war axe (chaos)
rCold   . . .      Faith    .   l - +0 kite shield
rNeg    . . .      Spirit   .   v - +2 plate armour
rPois   +          Reflect  +   (helmet restricted)
rElec   .          Harm     .   k - +2 cloak
rCorr   .          Rampage  .   s - +2 pair of gloves
Will    +....                   (no boots)
Stlth   ..........              r - amulet of reflection
HPRegen 0.32/turn               n - ring of poison resistance
MPRegen 0.13/turn               t - +4 ring of evasion

@: about to teleport, on berserk cooldown, slowed, very slow
A: horns 2, retaliatory headbutt
a: Renounce Religion, Berserk, Trog's Hand, Brothers in Arms


You were on level 14 of the Dungeon.
You worshipped Trog.
Trog was greatly pleased with you.
You visited 2 branches of the dungeon, and saw 19 of its levels.

You collected 1166 gold pieces.
You spent 348 gold pieces at shops.


Innate Abilities, Weirdness & Mutations

You have a pair of horns on your head.
You reflexively headbutt those who attack you in melee.


   Skills:
 + Level 15.6 Fighting
 - Level 16.0 Axes
 - Level 7.0 Throwing
 - Level 14.0 Armour
 - Level 6.1 Dodging
 - Level 15.0 Shields


You had 13 spell levels left.
You didn't know any spells.
Your spell library was empty.

Inventory:

Hand Weapons
 e - a +0 hand axe of flaming
 Y - a +4 war axe of chaos (weapon)
Missiles
 f - 8 boomerangs
 j - a javelin (quivered)
Armour
 k - a +2 cloak (worn)
 l - a +0 kite shield (worn)
 s - a +2 pair of gloves (worn)
 v - a +2 plate armour (worn)
Jewellery
 c - a +6 ring of strength
 n - a ring of poison resistance (left hand)
 r - an amulet of reflection (around neck)
 t - a +4 ring of evasion (right hand)
Scrolls
 b - 17 scrolls of identify
 g - 10 scrolls of teleportation
Potions
 a - a potion of might
 d - a potion of heal wounds
 h - 2 potions of cancellation
 i - 5 potions of curing
 m - a potion of mutation
 o - a potion of resistance
 q - 4 potions of haste

Dungeon Overview and Level Annotations

Branches:
Dungeon (14/15)            Temple (0/1) D:4            Lair (5/5) D:9
  Swamp (0/4) Lair:3        Snake (0/4) Lair:2        Slime (0/5) Lair:4
    Orc (0/2) D:9
 Vaults: D:13-14

Altars:
Ashenzari
Dithmenos
Fedhas
Gozag
Kikubaaqudgha
Makhleb
Trog
Uskayaw
Vehumet
Yredelemnul
The Shining One
Jiyva

Shops:
D:8 [?

Portals:
Abyss: D:6
Trove: D:11 (give 6 scrolls of butterflies)

Annotations:
D:6 2 transporters, qw's ghost, novice MiFi
D:7 3 runed translucent doors, qw's ghost, novice GrFi


Message History

You block the cyan ugly thing's attack.
You slash the cyan ugly thing!
The cyan ugly thing is poisoned.
You headbutt the cyan ugly thing.
You kill the cyan ugly thing!
Trog accepts your kill.
You slash the purple ugly thing!
The purple ugly thing looks as sick as possible!
You hit the red ugly thing.
The red ugly thing is poisoned.
You block the red ugly thing's attack.
You completely miss the red ugly thing. You headbutt the red ugly thing!
The red ugly thing is heavily wounded.
You slash the purple ugly thing!
The purple ugly thing seems to grow stronger.
You slice the purple ugly thing!!
The purple ugly thing is poisoned.
The purple ugly thing closely misses you.
The purple ugly thing completely misses you.
You furiously retaliate!
You headbutt the purple ugly thing.
The red ugly thing headbutts you but does no damage.
The purple ugly thing completely misses you.
You furiously retaliate!
You headbutt the purple ugly thing.
The purple ugly thing basks in the mutagenic energy from its kin and changes!
You closely miss the purple ugly thing.
Your headbutt misses the purple ugly thing.
The purple ugly thing is severely wounded.
You hit the cyan ugly thing.
You hit the purple ugly thing but do no damage.
The purple ugly thing is poisoned.
You closely miss the red ugly thing.
You block the purple ugly thing's attack.
The red ugly thing headbutts you.
You are engulfed in flames!
The purple ugly thing barely misses you.
You furiously retaliate!
You headbutt the purple ugly thing, but do no damage.
23259 ||| READING 11 scrolls of teleportation.
As you read the scroll of teleportation, it crumbles to dust.
You feel strangely unstable.
The purple ugly thing closely misses you.
The red ugly thing headbutts you.
You are engulfed in flames!
The purple ugly thing bites you but does no damage.
You block the cyan ugly thing's attack. The purple ugly thing tail-slaps you!
You die...

#...........# #..#
#...........# #..#
#...........# #..#
#...........# .
#..####.........[.#
..####.................#
........................
......uu%.[.............
......u@)...............
......u#######..########
....... #..# .......
#..# .(..... #..#
.(..... #..# .......
#####..######## .......
...............
.........<.....


You could see 4 ugly things.

Vanquished Creatures
  Kirke (D:13)
  Snorg (D:11)
  A fire dragon (D:14)
  A boulder beetle (D:12)
  Fannar (Lair:2)
  10 hydras
  Erolcha (D:10)
  A centaur warrior (D:13)
  3 catoblepae (Lair:5)
  5 two-headed ogres
  6 death yaks (Lair:5)
  Urug (Lair:1)
  Sonja (Lair:2)
  3 skeletal warriors (D:11)
  A harpy (Lair:5)
  13 ugly things
  A deep elf pyromancer (D:13)
  3 manticores
  5 cyclopes
  4 elephants (Lair:2)
  Maggie (D:7)
  2 gargoyles (D:12)
  Maurice (D:13)
  7 black mambas
  An orange demon (D:8)
  An unseen horror (D:11)
  6 cane toads
  A torpor snail (Lair:4)
  8 komodo dragons
  2 kobold demonologists
  3 rime drakes
  Psyche (D:12)
  A tengu conjurer (D:14)
  A yaktaur (shapeshifter) (D:13)
  3 trolls
  Grinder (D:3)
  A tarantella (shapeshifter) (D:14)
  A polar bear (Lair:5)
  11 blink frogs
  5 slime creatures (D:13)
  2 dream sheep (Lair:4)
  A wraith (D:13)
  3 shadows (D:10)
  48 yaks
  5 wyverns
  2 vampires (D:12)
  A hog (D:13)
  A steam dragon (D:7)
  3 basilisks
  A death yak simulacrum (Lair:2)
  2 vampire mosquitoes (D:12)
  2 nagas (Lair:2)
  An acid dragon (D:8)
  9 water moccasins
  5 black bears
  An orc warrior (D:9)
  An ice beast (D:7)
  2 sky beasts
  7 ogres
  18 wolves
  7 centaurs
  5 kobold brigands
  8 bullfrogs
  3 scorpions
  4 wights (D:9)
  9 killer bees (D:7)
  7 howler monkeys
  A jelly (D:5)
  A hound (D:7)
  9 orc priests
  12 orc wizards
  Natasha (twice) (D:2)
  5 iguanas
  A polar bear simulacrum (Lair:2)
  3 adders
  2 shadow imps
  2 ufetubi (D:5)
  4 dart slugs
  53 orcs
  8 endoplasms
  6 giant cockroaches
  5 goblins
  12 hobgoblins
  A quokka (D:1)
  7 ball pythons
  8 bats
  7 frilled lizards
  36 kobolds
  3 rats
  A bush (Lair:1)
468 creatures vanquished.

Vanquished Creatures (collateral kills)
  A hydra (Lair:3)
  A tyrant leech (Lair:3)
  Grum (D:9)
  A wolf (D:9)
4 creatures vanquished.

Vanquished Creatures (others)
  Amaemon (D:8)
  2 humans (D:13)
  A kobold (D:9)
  17 fungi
  31 plants
52 creatures vanquished.

Grand Total: 524 creatures vanquished

Notes
Turn   | Place    | Note
-------+----------+-------------------------------------------
     0 | D:1      | qw the Minotaur Berserker began the quest for the Orb.
     0 | D:1      | Reached XP level 1. HP: 19/19 MP: 0/0
     0 | D:1      | 0 ||| qw: Version: 0.1-a-112-g44dc6cd
     0 | D:1      | 0 ||| qw: Game counter: 6723
     0 | D:1      | 0 ||| qw: Always use a shield: true
     0 | D:1      | 0 ||| qw: Do Orc after D:15 true
     0 | D:1      | 0 ||| qw: Do second Lair branch before Depths: true
     0 | D:1      | 0 ||| qw: Lair rune preference: random
     0 | D:1      | 0 ||| qw: Plans: Normal
     0 | D:1      | 0 ||| PLANNING D:1-11
    43 | D:1      | 43 ||| INVOKING Berserk.
    45 | D:1      | Reached skill level 4 in Axes
   262 | D:1      | Found a faded altar of an unknown god.
   485 | D:1      | Reached XP level 2. HP: 26/26 MP: 1/1
   507 | D:1      | 507 ||| Stepping ~*~*~tactically~*~*~ (stealth).
   514 | D:1      | 514 ||| Stepping ~*~*~tactically~*~*~ (stealth).
   881 | D:1      | Reached skill level 5 in Axes
  1091 | D:1      | 1091 ||| UPGRADING to +0 cloak.
  1096 | D:1      | 1096 ||| UPGRADING to +0 leather armour.
  1106 | D:1      | 1106 ||| DROPPING +0 animal skin.
  1107 | D:1      | 1107 ||| READING 3 scrolls labelled YGOSAKLU HEHO.
  1108 | D:1      | 1108 ||| READING 2 scrolls labelled QIUNUL ZINADWA.
  1112 | D:1      | 1112 ||| DRINKING 2 sedimented coppery potions.
  1113 | D:1      | 1113 ||| DROPPING 2 scrolls of amnesia.
  1156 | D:2      | Reached XP level 3. HP: 31/31 MP: 2/2
  1286 | D:2      | 1286 ||| Stepping ~*~*~tactically~*~*~ (stealth).
  1360 | D:2      | Reached ** piety under Trog
  1604 | D:2      | Noticed Natasha
  1606 | D:2      | 1606 ||| INVOKING Berserk.
  1608 | D:2      | Killed Natasha
  1759 | D:2      | Reached skill level 6 in Axes
  1759 | D:2      | Reached XP level 4. HP: 39/39 MP: 3/3
  1855 | D:2      | 1855 ||| Stepping ~*~*~tactically~*~*~ (hiding).
  2129 | D:2      | Noticed Natasha
  2130 | D:2      | 2130 ||| Stepping ~*~*~tactically~*~*~ (stealth).
  2131 | D:2      | 2131 ||| INVOKING Berserk.
  2132 | D:2      | 2132 ||| INVOKING Berserk.
  2134 | D:2      | Killed Natasha
  2312 | D:2      | 2312 ||| UPGRADING to +0 ring mail.
  2322 | D:2      | 2322 ||| DROPPING +0 leather armour.
  2323 | D:2      | 2323 ||| UPGRADING to +1 scale mail of fire resistance.
  2333 | D:2      | 2333 ||| DROPPING +0 ring mail.
  2334 | D:2      | 2334 ||| UPGRADING to +0 kite shield.
  2339 | D:2      | 2339 ||| READING scroll labelled HYMUONOQYV.
  2340 | D:2      | 2340 ||| READING 2 scrolls labelled SIGIFA CAVA.
  2341 | D:2      | 2341 ||| READING scroll labelled TUCLEKK VUBUMI.
  2342 | D:2      | 2342 ||| READING scroll labelled EPOWUEGI JIQETSO.
  2394 | D:3      | Reached skill level 1 in Shields
  2444 | D:3      | 2444 ||| Stepping ~*~*~tactically~*~*~ (stealth).
  2484 | D:3      | 2484 ||| Stepping ~*~*~tactically~*~*~ (stealth).
  2488 | D:3      | 2488 ||| Stepping ~*~*~tactically~*~*~ (stealth).
  2491 | D:3      | 2491 ||| Stepping ~*~*~tactically~*~*~ (stealth).
  2527 | D:3      | Noticed Grinder
  2528 | D:3      | 2528 ||| Stepping ~*~*~tactically~*~*~ (hiding).
  2533 | D:3      | 2533 ||| INVOKING Trog's Hand.
  2534 | D:3      | 2534 ||| INVOKING Berserk.
  2540 | D:3      | Killed Grinder
  2541 | D:3      | Reached XP level 5. HP: 45/45 MP: 4/4
  2541 | D:3      | Reached XP level 6. HP: 51/51 MP: 5/5
  2712 | D:3      | 2712 ||| Stepping ~*~*~tactically~*~*~ (stealth).
  2713 | D:3      | 2713 ||| SWAPPING to +0 war axe.
  2714 | D:3      | 2714 ||| DROPPING +0 hand axe of freezing.
  2959 | D:3      | 2959 ||| UPGRADING to +6 ring of intelligence.
  2960 | D:3      | 2960 ||| READING scroll labelled LEHEZO JIRIL.
  2961 | D:3      | 2961 ||| READING scroll labelled HUXZAU HIAQOSCH.
  2962 | D:3      | 2962 ||| READING scroll labelled YRAOPL GANO.
  2963 | D:3      | 2963 ||| DRINKING 2 yellow potions.
  2964 | D:3      | 2964 ||| DRINKING 2 smoky coppery potions.
  2965 | D:3      | 2965 ||| DROPPING potion of attraction.
  2988 | D:4      | 2988 ||| Stepping ~*~*~tactically~*~*~ (stealth).
  3081 | D:4      | Found a staircase to the Ecumenical Temple.
  3096 | D:4      | 3096 ||| DROPPING +0 club.
  3437 | D:4      | 3437 ||| Stepping ~*~*~tactically~*~*~ (hiding).
  3572 | D:4      | 3572 ||| UPGRADING to +0 swamp dragon scales.
  3582 | D:4      | 3582 ||| UPGRADING to +6 ring of strength.
  3583 | D:4      | 3583 ||| READING scroll labelled LAOL YVOUMIES.
  3584 | D:4      | 3584 ||| READING scroll labelled TESIUV ELAKO.
  3585 | D:4      | 3585 ||| DRINKING 2 bubbling amethyst potions.
  3586 | D:4      | 3586 ||| DRINKING 2 dark potions.
  3587 | D:4      | 3587 ||| READING 5 scrolls of identify.
  3587 | D:4      | 3587 ||| IDENTIFYING white potion
  3588 | D:4      | 3588 ||| READING 4 scrolls of identify.
  3588 | D:4      | 3588 ||| IDENTIFYING purple potion
  3589 | D:4      | 3589 ||| DROPPING potion of invisibility.
  3615 | D:5      | Entered Level 5 of the Dungeon
  3621 | D:5      | 3621 ||| INVOKING Berserk.
  3627 | D:5      | Reached skill level 7 in Axes
  3980 | D:5      | Reached XP level 7. HP: 51/60 MP: 6/6
  4037 | D:5      | 4037 ||| Stepping ~*~*~tactically~*~*~ (stealth).
  4038 | D:5      | 4038 ||| Stepping ~*~*~tactically~*~*~ (stealth).
  4047 | D:5      | 4047 ||| Stepping ~*~*~tactically~*~*~ (hiding).
  4048 | D:5      | 4048 ||| Stepping ~*~*~tactically~*~*~ (hiding).
  4053 | D:5      | 4053 ||| INVOKING Berserk.
  4054 | D:5      | 4054 ||| INVOKING Berserk.
  4117 | D:5      | 4117 ||| Stepping ~*~*~tactically~*~*~ (stealth).
  4125 | D:5      | 4125 ||| DROPPING +0 whip.
  4137 | D:5      | Reached skill level 8 in Axes
  4162 | D:5      | Reached *** piety under Trog
  4192 | D:5      | 4192 ||| Stepping ~*~*~tactically~*~*~ (stealth).
  4195 | D:5      | 4195 ||| Stepping ~*~*~tactically~*~*~ (stealth).
  4196 | D:5      | 4196 ||| Stepping ~*~*~tactically~*~*~ (stealth).
  4197 | D:5      | 4197 ||| Stepping ~*~*~tactically~*~*~ (stealth).
  4201 | D:5      | 4201 ||| Stepping ~*~*~tactically~*~*~ (hiding).
  4202 | D:5      | 4202 ||| Stepping ~*~*~tactically~*~*~ (hiding).
  4207 | D:5      | 4207 ||| INVOKING Berserk.
  4336 | D:5      | 4336 ||| INVOKING Berserk.
  4338 | D:5      | Reached skill level 6 in Shields
  4667 | D:5      | 4667 ||| UPGRADING to +0 pair of gloves.
  4672 | D:5      | 4672 ||| DROPPING amulet of magic regeneration.
  4673 | D:5      | 4673 ||| DROPPING ring of magical power.
  4718 | D:6      | 4718 ||| STAIRDANCE
  4726 | D:6      | 4726 ||| STAIRDANCE
  4780 | D:6      | 4780 ||| STAIRDANCE
  4806 | D:6      | Identified the +1 scale mail of Fresh Tender Moments
                  | {rPois}
  4818 | D:6      | Noticed an ancient zyme
  4884 | D:6      | Found a transporter.
  4891 | D:6      | 4891 ||| INVOKING Berserk.
  4891 | D:6      | Noticed qw's ghost (novice MiFi)
  4894 | D:6      | Reached skill level 9 in Axes
  5006 | D:6      | Found a transporter.
  5044 | D:6      | 5044 ||| Stepping ~*~*~tactically~*~*~ (stealth).
  5046 | D:6      | 5046 ||| INVOKING Berserk.
  5053 | D:6      | Reached XP level 8. HP: 68/68 MP: 7/7
  5245 | D:6      | 5245 ||| Stepping ~*~*~tactically~*~*~ (hiding).
  5352 | D:6      | Found a one-way gate to the infinite horrors of the Abyss.
  5560 | D:6      | 5560 ||| Stepping ~*~*~tactically~*~*~ (stealth).
  5618 | D:6      | 5618 ||| DROPPING +1 scale mail of Fresh Tender Moments
                  | {rPois}.
  5619 | D:6      | 5619 ||| DRINKING 2 smoky brown potions.
  5723 | D:6      | 5723 ||| READING 7 scrolls of identify.
  5723 | D:6      | 5723 ||| IDENTIFYING glowing puce potion
  5724 | D:6      | 5724 ||| DROPPING potion of lignification.
  5725 | D:6      | 5725 ||| DROPPING potion of berserk rage.
  5877 | D:7      | 5877 ||| Stepping ~*~*~tactically~*~*~ (stealth).
  5884 | D:7      | Reached skill level 10 in Axes
  5885 | D:7      | 5885 ||| Stepping ~*~*~tactically~*~*~ (stealth).
  5886 | D:7      | 5886 ||| Stepping ~*~*~tactically~*~*~ (stealth).
  5887 | D:7      | 5887 ||| Stepping ~*~*~tactically~*~*~ (stealth).
  5891 | D:7      | 5891 ||| Stepping ~*~*~tactically~*~*~ (stealth).
  5897 | D:7      | 5897 ||| INVOKING Berserk.
  6062 | D:7      | Found a runed translucent gate.
  6062 | D:7      | Found a runed translucent gate.
  6062 | D:7      | Found a runed translucent gate.
  6068 | D:7      | Noticed qw's ghost (novice GrFi)
  6084 | D:7      | 6084 ||| FLEEEEING.
  6085 | D:7      | 6085 ||| FLEEEEING.
  6089 | D:7      | 6089 ||| FLEEEEING.
  6090 | D:7      | 6090 ||| FLEEEEING.
  6091 | D:7      | 6091 ||| FLEEEEING.
  6092 | D:7      | 6092 ||| FLEEEEING.
  6093 | D:7      | 6093 ||| FLEEEEING.
  6094 | D:7      | 6094 ||| FLEEEEING.
  6095 | D:7      | 6095 ||| FLEEEEING.
  6096 | D:7      | 6096 ||| FLEEEEING.
  6099 | D:7      | 6099 ||| FLEEEEING.
  6100 | D:7      | 6100 ||| FLEEEEING.
  6101 | D:7      | 6101 ||| FLEEEEING.
  6102 | D:7      | 6102 ||| FLEEEEING.
  6103 | D:7      | 6103 ||| FLEEEEING.
  6109 | D:7      | 6109 ||| FLEEEEING.
  6110 | D:7      | 6110 ||| FLEEEEING.
  6111 | D:7      | 6111 ||| FLEEEEING.
  6112 | D:7      | 6112 ||| FLEEEEING.
  6117 | D:7      | 6117 ||| FLEEEEING.
  6130 | D:7      | 6130 ||| FLEEEEING.
  6131 | D:7      | 6131 ||| FLEEEEING.
  6132 | D:7      | 6132 ||| FLEEEEING.
  6142 | D:7      | 6142 ||| FLEEEEING.
  6155 | D:7      | 6155 ||| STAIRDANCE
  6176 | D:6      | 6176 ||| READING 6 scrolls of identify.
  6176 | D:6      | 6176 ||| IDENTIFYING metallic black potion
  6189 | D:7      | 6189 ||| Stepping ~*~*~tactically~*~*~ (stealth).
  6195 | D:7      | Reached skill level 6 in Fighting
  6236 | D:7      | 6236 ||| Stepping ~*~*~tactically~*~*~ (stealth).
  6262 | D:7      | 6262 ||| Stepping ~*~*~tactically~*~*~ (stealth).
  6270 | D:7      | 6270 ||| Stepping ~*~*~tactically~*~*~ (stealth).
  6272 | D:7      | 6272 ||| Stepping ~*~*~tactically~*~*~ (stealth).
  6283 | D:7      | 6283 ||| INVOKING Berserk.
  6302 | D:7      | Reached skill level 11 in Axes
  6302 | D:7      | Reached XP level 9. HP: 70/75 MP: 8/8
  6710 | D:7      | Noticed Maggie
  6711 | D:7      | 6711 ||| Stepping ~*~*~tactically~*~*~ (stealth).
  6716 | D:7      | 6716 ||| INVOKING Berserk.
  6721 | D:7      | Killed Maggie
  6724 | D:7      | Reached skill level 12 in Axes
  6901 | D:7      | 6901 ||| READING scroll of brand weapon.
  6901 | D:7      | 6901 ||| BRANDING +1 war axe.
  6924 | D:7      | 6924 ||| Stepping ~*~*~tactically~*~*~ (stealth).
  6948 | D:7      | 6948 ||| Stepping ~*~*~tactically~*~*~ (stealth).
  6952 | D:7      | 6952 ||| Stepping ~*~*~tactically~*~*~ (stealth).
  7040 | D:7      | 7040 ||| Stepping ~*~*~tactically~*~*~ (stealth).
  7041 | D:7      | 7041 ||| INVOKING Berserk.
  7381 | D:7      | 7381 ||| READING 6 scrolls of identify.
  7381 | D:7      | 7381 ||| IDENTIFYING glowing yellow potion
  7382 | D:7      | 7382 ||| DROPPING potion of degeneration.
  7429 | D:8      | Reached skill level 3 in Dodging
  7449 | D:8      | 7449 ||| Stepping ~*~*~tactically~*~*~ (stealth).
  7467 | D:8      | 7467 ||| Stepping ~*~*~tactically~*~*~ (stealth).
  7478 | D:8      | 7478 ||| Stepping ~*~*~tactically~*~*~ (hiding).
  7485 | D:8      | 7485 ||| INVOKING Berserk.
  7600 | D:8      | Found a hide-covered altar of Uskayaw.
  7602 | D:8      | 7602 ||| Stepping ~*~*~tactically~*~*~ (hiding).
  7603 | D:8      | 7603 ||| Stepping ~*~*~tactically~*~*~ (hiding).
  7661 | D:8      | Found Torpha Daote's Magic Scroll Shop.
  7662 | D:8      | Found a blossoming altar of Fedhas.
  7664 | D:8      | 7664 ||| Stepping ~*~*~tactically~*~*~ (stealth).
  7664 | D:8      | Found an opulent altar of Gozag.
  7665 | D:8      | Found a bloodstained altar of Trog.
  7673 | D:8      | 7673 ||| Stepping ~*~*~tactically~*~*~ (hiding).
  7673 | D:8      | Found a burning altar of Makhleb.
  7673 | D:8      | Found an ancient bone altar of Kikubaaqudgha.
  7673 | D:8      | Found a broken altar of Ashenzari.
  7675 | D:8      | Found a radiant altar of Vehumet.
  7676 | D:8      | 7676 ||| INVOKING Berserk.
  7815 | D:8      | 7815 ||| BUYING 3 scrolls of identify (78 gold).
  7815 | D:8      | Bought 3 scrolls of identify for 78 gold pieces
  7815 | D:8      | 7815 ||| BUYING scroll of teleportation (39 gold).
  7815 | D:8      | Bought a scroll of teleportation for 39 gold pieces
  7913 | D:8      | Killed Amaemon
  8007 | D:8      | Reached skill level 9 in Shields
  8034 | D:8      | 8034 ||| INVOKING Berserk.
  8264 | D:8      | Noticed an orange demon
  8265 | D:8      | 8265 ||| Stepping ~*~*~tactically~*~*~ (stealth).
  8270 | D:8      | 8270 ||| Stepping ~*~*~tactically~*~*~ (stealth).
  8306 | D:8      | Found Azuum's Armour Shop.
  8309 | D:8      | 8309 ||| BUYING +2 scale mail of cold resistance (231
                  | gold).
  8309 | D:8      | Bought a +2 scale mail of cold resistance for 231 gold
                  | pieces
  8336 | D:8      | 8336 ||| READING scroll of brand weapon.
  8336 | D:8      | 8336 ||| BRANDING +1 war axe of venom.
  8337 | D:8      | 8337 ||| DROPPING +0 morningstar.
  8346 | D:8      | Found a glowing golden altar of the Shining One.
  8372 | D:8      | Found a basalt altar of Yredelemnul.
  8374 | D:8      | Noticed a profane servitor
  8438 | D:8      | Noticed an angel
  8440 | D:8      | 8440 ||| UPGRADING to amulet of reflection.
  8445 | D:8      | 8445 ||| READING 11 scrolls of identify.
  8445 | D:8      | 8445 ||| IDENTIFYING glowing coppery potion
  8446 | D:8      | 8446 ||| DROPPING potion of flight.
  8473 | D:8      | 8473 ||| Stepping ~*~*~tactically~*~*~ (stealth).
  8475 | D:8      | 8475 ||| Stepping ~*~*~tactically~*~*~ (hiding).
  8482 | D:8      | Killed an orange demon
  8604 | D:9      | Found a staircase to the Lair.
  8740 | D:9      | Reached **** piety under Trog
  8741 | D:9      | Reached XP level 10. HP: 73/86 MP: 9/9
  8742 | D:9      | Reached skill level 13 in Axes
  8873 | D:9      | 8873 ||| Stepping ~*~*~tactically~*~*~ (stealth).
  8881 | D:9      | 8881 ||| Stepping ~*~*~tactically~*~*~ (stealth).
  8970 | D:9      | 8970 ||| Stepping ~*~*~tactically~*~*~ (stealth).
  8976 | D:9      | 8976 ||| Stepping ~*~*~tactically~*~*~ (stealth).
  8977 | D:9      | 8977 ||| Stepping ~*~*~tactically~*~*~ (stealth).
  8994 | D:9      | 8994 ||| DRINKING 2 potions of curing.
  8994 | D:9      | 8994 ||| (to cure confusion)
  9014 | D:9      | 9014 ||| Stepping ~*~*~tactically~*~*~ (stealth).
  9017 | D:9      | 9017 ||| Stepping ~*~*~tactically~*~*~ (stealth).
  9019 | D:9      | 9019 ||| Stepping ~*~*~tactically~*~*~ (stealth).
  9020 | D:9      | 9020 ||| Stepping ~*~*~tactically~*~*~ (stealth).
  9021 | D:9      | 9021 ||| Stepping ~*~*~tactically~*~*~ (stealth).
  9022 | D:9      | 9022 ||| Stepping ~*~*~tactically~*~*~ (stealth).
  9026 | D:9      | Reached skill level 1 in Throwing
  9082 | D:9      | 9082 ||| Stepping ~*~*~tactically~*~*~ (stealth).
  9096 | D:9      | 9096 ||| Stepping ~*~*~tactically~*~*~ (stealth).
  9125 | D:9      | 9125 ||| Stepping ~*~*~tactically~*~*~ (hiding).
  9131 | D:9      | 9131 ||| Stepping ~*~*~tactically~*~*~ (hiding).
  9135 | D:9      | 9135 ||| INVOKING Berserk.
  9171 | D:9      | 9171 ||| Stepping ~*~*~tactically~*~*~ (stealth).
  9176 | D:9      | 9176 ||| Stepping ~*~*~tactically~*~*~ (stealth).
  9180 | D:9      | 9180 ||| Stepping ~*~*~tactically~*~*~ (stealth).
  9251 | D:9      | 9251 ||| Stepping ~*~*~tactically~*~*~ (stealth).
  9256 | D:9      | 9256 ||| Stepping ~*~*~tactically~*~*~ (stealth).
  9298 | D:9      | 9298 ||| INVOKING Berserk.
  9302 | D:9      | Reached skill level 14 in Axes
  9414 | D:9      | 9414 ||| Stepping ~*~*~tactically~*~*~ (stealth).
  9425 | D:9      | 9425 ||| Stepping ~*~*~tactically~*~*~ (hiding).
  9431 | D:9      | 9431 ||| Stepping ~*~*~tactically~*~*~ (stealth).
  9435 | D:9      | 9435 ||| Stepping ~*~*~tactically~*~*~ (stealth).
  9439 | D:9      | 9439 ||| Stepping ~*~*~tactically~*~*~ (stealth).
  9473 | D:9      | Found a staircase to the Orcish Mines.
  9492 | D:9      | Reached ***** piety under Trog
  9573 | D:9      | 9573 ||| Stepping ~*~*~tactically~*~*~ (stealth).
  9577 | D:9      | 9577 ||| Stepping ~*~*~tactically~*~*~ (stealth).
  9940 | D:9      | Noticed Grum
  9941 | D:9      | 9941 ||| Stepping ~*~*~tactically~*~*~ (hiding).
  9947 | D:9      | 9947 ||| INVOKING Brothers in Arms.
  9948 | D:9      | 9948 ||| INVOKING Brothers in Arms.
  9949 | D:9      | 9949 ||| INVOKING Berserk.
  9950 | D:9      | Killed Grum
 10100 | D:9      | 10100 ||| PLANNING LAIR
 10100 | D:9      | 10100 ||| DROPPING +0 chain mail.
 10101 | D:9      | 10101 ||| DROPPING +1 scale mail of fire resistance.
 10102 | D:9      | 10102 ||| DROPPING +2 scale mail of cold resistance.
 10103 | D:9      | 10103 ||| UPGRADING to +0 plate armour.
 10113 | D:9      | 10113 ||| DROPPING +0 swamp dragon scales.
 10114 | D:9      | 10114 ||| UPGRADING to ring of poison resistance.
 10116 | D:9      | 10116 ||| DROPPING +6 ring of intelligence.
 10117 | D:9      | 10117 ||| READING scroll labelled EGRIOTT VEZXAR.
 10183 | Lair:1   | Entered Level 1 of the Lair of Beasts
 10183 | Lair:1   | Noticed a black mamba
 10187 | Lair:1   | 10187 ||| INVOKING Berserk.
 10190 | Lair:1   | Killed a black mamba
 10191 | Lair:1   | Reached skill level 6 in Armour
 10229 | Lair:1   | Noticed a black mamba
 10233 | Lair:1   | 10233 ||| INVOKING Berserk.
 10236 | Lair:1   | Killed a black mamba
 10371 | Lair:1   | 10371 ||| INVOKING Berserk.
 10568 | Lair:1   | Reached XP level 11. HP: 71/94 MP: 10/10
 10670 | Lair:1   | 10670 ||| INVOKING Berserk.
 10833 | Lair:1   | 10833 ||| INVOKING Berserk.
 10958 | Lair:1   | 10958 ||| Stepping ~*~*~tactically~*~*~ (stealth).
 10966 | Lair:1   | 10966 ||| INVOKING Berserk.
 10970 | Lair:1   | Reached skill level 3 in Throwing
 10980 | Lair:1   | Reached skill level 15 in Axes
 11130 | Lair:1   | Noticed a seven-headed hydra
 11132 | Lair:1   | 11132 ||| Stepping ~*~*~tactically~*~*~ (stealth).
 11134 | Lair:1   | 11134 ||| Stepping ~*~*~tactically~*~*~ (stealth).
 11136 | Lair:1   | 11136 ||| Stepping ~*~*~tactically~*~*~ (stealth).
 11137 | Lair:1   | 11137 ||| INVOKING Berserk.
 11141 | Lair:1   | Killed a five-headed hydra
 11142 | Lair:1   | Reached skill level 9 in Fighting
 11152 | Lair:1   | Noticed Urug
 11164 | Lair:1   | Killed Urug
 11660 | Lair:1   | 11660 ||| READING scroll labelled ZUDIT WIFRUIB.
 11790 | Lair:2   | 11790 ||| Stepping ~*~*~tactically~*~*~ (stealth).
 11791 | Lair:2   | Found a frozen archway.
 11800 | Lair:2   | Noticed an eight-headed hydra
 11802 | Lair:2   | 11802 ||| Stepping ~*~*~tactically~*~*~ (stealth).
 11805 | Lair:2   | 11805 ||| Stepping ~*~*~tactically~*~*~ (stealth).
 11808 | Lair:2   | 11808 ||| INVOKING Berserk.
 11811 | Lair:2   | Killed a five-headed hydra
 12021 | Lair:2   | 12021 ||| Stepping ~*~*~tactically~*~*~ (stealth).
 12024 | Lair:2   | 12024 ||| INVOKING Berserk.
 12033 | Lair:2   | Reached skill level 16 in Axes
 12204 | Lair:2   | 12204 ||| Stepping ~*~*~tactically~*~*~ (stealth).
 12206 | Lair:2   | 12206 ||| Stepping ~*~*~tactically~*~*~ (stealth).
 12225 | Lair:2   | 12225 ||| FLEEEEING.
 12335 | Lair:2   | Noticed Fannar
 12336 | Lair:2   | Found a staircase to the Snake Pit.
 12344 | Lair:2   | Noticed Sonja
 12348 | Lair:2   | Killed Fannar
 12349 | Lair:2   | Reached XP level 12. HP: 85/106 MP: 11/11
 12362 | Lair:2   | 12362 ||| INVOKING Berserk.
 12369 | Lair:2   | HP: 25/106 [poisoned by Sonja]
 12370 | Lair:2   | 12370 ||| DRINKING 2 potions of heal wounds.
 12372 | Lair:2   | Killed Sonja
 12376 | Lair:2   | HP: 25/106 [naga/+0 scimitar (17)]
 12377 | Lair:2   | 12377 ||| READING 10 scrolls of teleportation.
 12378 | Lair:2   | 12378 ||| DRINKING potion of heal wounds.
 12379 | Lair:2   | HP: 11/106 [constriction (3)]
 12382 | Lair:2   | 12382 ||| READING 9 scrolls of teleportation.
 12780 | Lair:2   | 12780 ||| Stepping ~*~*~tactically~*~*~ (stealth).
 12785 | Lair:2   | 12785 ||| Stepping ~*~*~tactically~*~*~ (water).
 12792 | Lair:2   | Reached skill level 9 in Armour
 12919 | Lair:2   | 12919 ||| Stepping ~*~*~tactically~*~*~ (stealth).
 12965 | Lair:2   | Noticed a six-headed hydra
 12967 | Lair:2   | 12967 ||| INVOKING Berserk.
 12970 | Lair:2   | Killed a three-headed hydra
 13197 | Lair:2   | 13197 ||| READING scroll of enchant weapon.
 13197 | Lair:2   | 13197 ||| ENCHANTING +1 war axe of flaming.
 13263 | Lair:2   | 13263 ||| Stepping ~*~*~tactically~*~*~ (stealth).
 13655 | Lair:2   | 13655 ||| DROPPING ring of ice.
 13656 | Lair:2   | 13656 ||| UPGRADING to +4 ring of evasion.
 13658 | Lair:2   | 13658 ||| READING scroll labelled TANECW APEWN.
 13659 | Lair:2   | 13659 ||| READING scroll labelled RONAXT ALEBOM.
 13851 | Lair:2   | 13851 ||| READING 11 scrolls of identify.
 13851 | Lair:2   | 13851 ||| IDENTIFYING amethyst potion
 13852 | Lair:2   | 13852 ||| DROPPING potion of brilliance.
 13889 | Lair:3   | 13889 ||| STAIRDANCE
 14109 | Lair:3   | 14109 ||| READING scroll of brand weapon.
 14109 | Lair:3   | 14109 ||| BRANDING +2 war axe of flaming.
 14223 | Lair:3   | 14223 ||| READING scroll of enchant armour.
 14223 | Lair:3   | 14223 ||| ENCHANTING +0 pair of gloves.
 14320 | Lair:3   | Noticed a five-headed hydra
 14321 | Lair:3   | 14321 ||| INVOKING Brothers in Arms.
 14322 | Lair:3   | 14322 ||| INVOKING Brothers in Arms.
 14322 | Lair:3   | Noticed an eight-headed hydra
 14323 | Lair:3   | 14323 ||| INVOKING Berserk.
 14327 | Lair:3   | Killed a nine-headed hydra
 14330 | Lair:3   | Killed a ten-headed hydra
 14427 | Lair:3   | Found a staircase to the Swamp.
 14610 | Lair:3   | 14610 ||| DRINKING 2 fizzy dark potions.
 14699 | Lair:4   | Reached skill level 12 in Shields
 14700 | Lair:4   | 14700 ||| INVOKING Berserk.
 15038 | Lair:4   | Found a viscous altar of Jiyva.
 15040 | Lair:4   | Found a staircase to the Slime Pits.
 15060 | Lair:4   | 15060 ||| Stepping ~*~*~tactically~*~*~ (stealth).
 15067 | Lair:4   | Reached skill level 12 in Fighting
 15450 | Lair:5   | Entered Level 5 of the Lair of Beasts
 15481 | Lair:5   | 15481 ||| INVOKING Berserk.
 15617 | Lair:5   | 15617 ||| Stepping ~*~*~tactically~*~*~ (stealth).
 15634 | Lair:5   | 15634 ||| INVOKING Berserk.
 15677 | Lair:5   | 15677 ||| FLEEEEING.
 15679 | Lair:5   | 15679 ||| FLEEEEING.
 15680 | Lair:5   | 15680 ||| FLEEEEING.
 15733 | Lair:5   | Noticed a four-headed hydra
 15734 | Lair:5   | 15734 ||| Stepping ~*~*~tactically~*~*~ (stealth).
 15735 | Lair:5   | 15735 ||| INVOKING Brothers in Arms.
 15736 | Lair:5   | 15736 ||| INVOKING Brothers in Arms.
 15737 | Lair:5   | 15737 ||| INVOKING Brothers in Arms.
 15738 | Lair:5   | 15738 ||| Stepping ~*~*~tactically~*~*~ (stealth).
 15739 | Lair:5   | 15739 ||| INVOKING Brothers in Arms.
 15740 | Lair:5   | 15740 ||| INVOKING Brothers in Arms.
 15741 | Lair:5   | 15741 ||| INVOKING Brothers in Arms.
 15742 | Lair:5   | 15742 ||| INVOKING Brothers in Arms.
 15743 | Lair:5   | 15743 ||| Stepping ~*~*~tactically~*~*~ (stealth).
 15744 | Lair:5   | 15744 ||| INVOKING Brothers in Arms.
 15745 | Lair:5   | 15745 ||| INVOKING Brothers in Arms.
 15746 | Lair:5   | 15746 ||| SWAPPING to +0 whip.
 15747 | Lair:5   | 15747 ||| INVOKING Berserk.
 15750 | Lair:5   | Killed a four-headed hydra
 15884 | Lair:5   | 15884 ||| SWAPPING to +2 war axe of chaos.
 15913 | Lair:5   | 15913 ||| Stepping ~*~*~tactically~*~*~ (stealth).
 15922 | Lair:5   | Reached XP level 13. HP: 118/118 MP: 12/12
 15924 | Lair:5   | 15924 ||| Stepping ~*~*~tactically~*~*~ (hiding).
 15926 | Lair:5   | 15926 ||| Stepping ~*~*~tactically~*~*~ (hiding).
 16066 | Lair:5   | 16066 ||| INVOKING Berserk.
 16188 | Lair:5   | 16188 ||| INVOKING Berserk.
 16391 | Lair:5   | 16391 ||| SWAPPING to +0 whip.
 16393 | Lair:5   | 16393 ||| Stepping ~*~*~tactically~*~*~ (hiding).
 16394 | Lair:5   | 16394 ||| INVOKING Berserk.
 16426 | Lair:5   | 16426 ||| SWAPPING to +2 war axe of chaos.
 16553 | Lair:5   | 16553 ||| INVOKING Berserk.
 16788 | Lair:5   | 16788 ||| INVOKING Berserk.
 16910 | Lair:5   | 16910 ||| INVOKING Berserk.
 17071 | Lair:5   | 17071 ||| Stepping ~*~*~tactically~*~*~ (hiding).
 17077 | Lair:5   | 17077 ||| INVOKING Berserk.
 17199 | Lair:5   | 17199 ||| Stepping ~*~*~tactically~*~*~ (stealth).
 17201 | Lair:5   | 17201 ||| INVOKING Berserk.
 17215 | Lair:5   | Reached skill level 12 in Armour
 17363 | Lair:5   | 17363 ||| INVOKING Berserk.
 17370 | Lair:5   | Reached skill level 6 in Throwing
 17492 | Lair:5   | 17492 ||| INVOKING Berserk.
 17993 | Lair:5   | 17993 ||| PLANNING D:1-11
 17993 | Lair:5   | 17993 ||| UPGRADING to +2 cloak.
 18003 | Lair:5   | 18003 ||| DROPPING +0 cloak.
 18004 | Lair:5   | 18004 ||| DROPPING ring of flight.
 18125 | D:10     | Entered Level 10 of the Dungeon
 18200 | D:10     | Found a shadowy altar of Dithmenos.
 18212 | D:10     | 18212 ||| Stepping ~*~*~tactically~*~*~ (hiding).
 18489 | D:10     | 18489 ||| Stepping ~*~*~tactically~*~*~ (stealth).
 18490 | D:10     | 18490 ||| Stepping ~*~*~tactically~*~*~ (stealth).
 18491 | D:10     | 18491 ||| Stepping ~*~*~tactically~*~*~ (stealth).
 18559 | D:10     | 18559 ||| READING 3 scrolls of enchant armour.
 18559 | D:10     | 18559 ||| ENCHANTING +1 pair of gloves.
 18560 | D:10     | 18560 ||| READING 2 scrolls of enchant armour.
 18560 | D:10     | 18560 ||| ENCHANTING +0 plate armour.
 18561 | D:10     | 18561 ||| READING scroll of enchant armour.
 18561 | D:10     | 18561 ||| ENCHANTING +1 plate armour.
 18658 | D:10     | 18658 ||| Stepping ~*~*~tactically~*~*~ (hiding).
 18659 | D:10     | 18659 ||| Stepping ~*~*~tactically~*~*~ (hiding).
 18800 | D:10     | 18800 ||| Stepping ~*~*~tactically~*~*~ (hiding).
 18801 | D:10     | 18801 ||| Stepping ~*~*~tactically~*~*~ (hiding).
 18804 | D:10     | 18804 ||| Stepping ~*~*~tactically~*~*~ (hiding).
 18974 | D:10     | Noticed Erolcha
 18975 | D:10     | 18975 ||| INVOKING Trog's Hand.
 18978 | D:10     | 18978 ||| INVOKING Berserk.
 18984 | D:10     | Killed Erolcha
 19112 | D:10     | 19112 ||| DROPPING ring of willpower.
 19142 | D:11     | Found a portal to a secret trove of treasure.
 19168 | D:11     | 19168 ||| DROPPING +0 whip.
 19171 | D:11     | 19171 ||| DROPPING +0 flail.
 19212 | D:11     | 19212 ||| Stepping ~*~*~tactically~*~*~ (stealth).
 19260 | D:11     | Noticed Snorg
 19264 | D:11     | 19264 ||| INVOKING Berserk.
 19278 | D:11     | Killed Snorg
 19457 | D:11     | 19457 ||| INVOKING Brothers in Arms.
 19458 | D:11     | 19458 ||| INVOKING Brothers in Arms.
 19459 | D:11     | 19459 ||| INVOKING Brothers in Arms.
 19460 | D:11     | 19460 ||| INVOKING Brothers in Arms.
 19461 | D:11     | 19461 ||| SWAPPING to +0 hand axe of flaming.
 19462 | D:11     | 19462 ||| INVOKING Berserk.
 19472 | D:11     | 19472 ||| SWAPPING to +2 war axe of chaos.
 19642 | D:11     | 19642 ||| Stepping ~*~*~tactically~*~*~ (stealth).
 19729 | D:11     | 19729 ||| Stepping ~*~*~tactically~*~*~ (stealth).
 19730 | D:11     | 19730 ||| Stepping ~*~*~tactically~*~*~ (stealth).
 19833 | D:11     | 19833 ||| INVOKING Berserk.
 19858 | D:11     | Reached skill level 6 in Dodging
 20050 | D:11     | 20050 ||| Stepping ~*~*~tactically~*~*~ (hiding).
 20403 | D:11     | 20403 ||| PLANNING D
 20403 | D:11     | 20403 ||| DROPPING amulet of guardian spirit.
 20474 | D:12     | Reached XP level 14. HP: 132/132 MP: 13/13
 20546 | D:12     | 20546 ||| INVOKING Berserk.
 20568 | D:12     | 20568 ||| Stepping ~*~*~tactically~*~*~ (stealth).
 20761 | D:12     | 20761 ||| READING scroll of enchant weapon.
 20761 | D:12     | 20761 ||| ENCHANTING +2 war axe of chaos.
 20771 | D:12     | 20771 ||| READING scroll of enchant weapon.
 20771 | D:12     | 20771 ||| ENCHANTING +3 war axe of chaos.
 20805 | D:12     | 20805 ||| Stepping ~*~*~tactically~*~*~ (stealth).
 20825 | D:12     | Noticed Psyche
 20827 | D:12     | 20827 ||| Stepping ~*~*~tactically~*~*~ (hiding).
 20828 | D:12     | 20828 ||| Stepping ~*~*~tactically~*~*~ (hiding).
 20830 | D:12     | 20830 ||| Stepping ~*~*~tactically~*~*~ (hiding).
 20835 | D:12     | Killed Psyche
 21056 | D:12     | 21056 ||| Stepping ~*~*~tactically~*~*~ (hiding).
 21242 | D:13     | 21242 ||| INVOKING Berserk.
 21246 | D:13     | Noticed Kirke
 21256 | D:13     | Killed Kirke
 21274 | D:13     | 21274 ||| FLEEEEING.
 21282 | D:13     | 21282 ||| STAIRDANCE
 21394 | D:13     | Identified the +1 robe of Supple Strength {*Slow Int+6}
 21420 | D:13     | 21420 ||| Stepping ~*~*~tactically~*~*~ (stealth).
 21422 | D:13     | Noticed Maurice
 21430 | D:13     | 21430 ||| INVOKING Berserk.
 21453 | D:13     | Killed Maurice
 21591 | D:13     | Identified the +8 long sword of the Fulmar {chaos, Int+5}
 21633 | D:13     | 21633 ||| INVOKING Brothers in Arms.
 21634 | D:13     | 21634 ||| INVOKING Brothers in Arms.
 21636 | D:13     | 21636 ||| SWAPPING to +0 hand axe of flaming.
 21637 | D:13     | 21637 ||| INVOKING Berserk.
 21672 | D:13     | 21672 ||| SWAPPING to +4 war axe of chaos.
 21794 | D:13     | Reached skill level 15 in Fighting
 21896 | D:13     | 21896 ||| Stepping ~*~*~tactically~*~*~ (hiding).
 21928 | D:13     | 21928 ||| INVOKING Brothers in Arms.
 21929 | D:13     | 21929 ||| INVOKING Brothers in Arms.
 21931 | D:13     | 21931 ||| SWAPPING to +0 hand axe of flaming.
 21933 | D:13     | 21933 ||| INVOKING Berserk.
 21942 | D:13     | 21942 ||| SWAPPING to +4 war axe of chaos.
 22241 | D:13     | 22241 ||| SWAPPING to +0 hand axe of flaming.
 22243 | D:13     | 22243 ||| INVOKING Berserk.
 22251 | D:13     | 22251 ||| SWAPPING to +4 war axe of chaos.
 22479 | D:13     | You fall into a shaft and drop 1 floor!
 22526 | D:14     | 22526 ||| DROPPING ring of resist corrosion.
 22589 | D:14     | Reached skill level 15 in Shields
 22646 | D:14     | 22646 ||| Stepping ~*~*~tactically~*~*~ (hiding).
 22771 | D:14     | 22771 ||| INVOKING Berserk.
 22995 | D:14     | 22995 ||| Stepping ~*~*~tactically~*~*~ (hiding).
 23217 | D:14     | 23217 ||| Stepping ~*~*~tactically~*~*~ (stealth).
 23220 | D:14     | 23220 ||| Stepping ~*~*~tactically~*~*~ (stealth).
 23233 | D:14     | 23233 ||| INVOKING Berserk.
 23258 | D:14     | HP: 24/135 [red ugly thing (12)]
 23259 | D:14     | 23259 ||| READING 11 scrolls of teleportation.
 23259 | D:14     | HP: 2/135 [red ugly thing (17)]
 23259 | D:14     | Demolished by a purple ugly thing

Levels and vault maps discovered:
D:1:      wander_arrival_lonely_grave, layout_basic,
          chequers_ecumenical_altar_twisty, st_stairs_14
D:2:      layout_loops_corners, uniq_natasha
D:3:      layout_rooms, uniq_grinder
D:4:      layout_loops_ring, minmay_temple_entry_slanted
D:5:      layout_cave_pools, minivault_5
D:6:      layout_rooms, gammafunk_ghost_abyssal_escape
D:7:      layout_loops_ring, gammafunk_ghost_necromancy, uniq_maggie
D:8:      layout_basic, grunt_temple_overflow_holy_war,
          grunt_temple_overflow_open, serial_shops, nicolae_shop_hallway_plus,
          nicolae_shop_window_shopping, uniq_amaemon
D:9:      layout_basic, dpeg_oklobed_lair, hiddenorc2_lemuel, uniq_grum
D:10:     layout_roguey, nicolae_dithmenos_through_a_glass_darkly, minivault_24,
          uniq_erolcha
D:11:     layout_loops_corners, enter_trove_0, uniq_snorg
D:12:     layout_rooms, uniq_psyche
D:13:     layout_roguey, minmay_lizard_king, uniq_lodul, uniq_kirke,
          uniq_maurice
D:14:     layout_small_grid, david_vaults_2, nicolae_figureground_sparkle
Lair:1:   layout_chaotic_city, uniq_urug
Lair:2:   layout_loops_ring, guppyfry_snake_entry_island,
          portal_ice_cave_entry_ice_simulacra, lightli_volcano_entry_magma_tube,
          uniq_sonja, uniq_fannar
Lair:3:   wad_woods_04, layout_hall_layers, palyth_hydra_swamp_entry,
          serial_bayou_shore_b
Lair:4:   layout_regular_city, slime_entry_1, st_stairs_9,
          nicolae_quartered_pool_medium, minivault_23, serial_bayou_shore_b
Lair:5:   evilmike_catoblepas_cave, layout_regular_city, grunt_megastairs_1,
          serial_bayou_shore_b

Skill      XL: |  1  2  3  4  5  6  7  8  9 10 11 12 13 14 |
---------------+-------------------------------------------+-----
Axes           | 4 5 6 7 9 11 12 14 16 | 16.0
Shields        | 5 6 7 9 10 11 12 14 15 | 15.0
Fighting       | 4 5 6 7 8 10 12 14 15 | 15.6
Armour         | 4 7 8 11 12 14 | 14.0
Dodging        | 3 4 6 |  6.1
Throwing       | 1 3 5 6 7 |  7.0

Action                   |  1- 3 |  4- 6 |  7- 9 | 10-12 | 13-15 || total
-------------------------+-------+-------+-------+-------+-------++-------
Melee: Hand axe          |    81 |    40 |       |       |    18 ||   139
       Headbutt          |     9 |    12 |    37 |    82 |   104 ||   244
       Punch             |     1 |       |       |       |       ||     1
       War axe           |       |    51 |   220 |   398 |   446 ||  1115
       Whip              |       |       |       |     3 |    10 ||    13
Throw: Boomerang         |       |       |       |    14 |    14 ||    28
       Javelin           |       |       |       |    58 |    85 ||   143
Invok: Berserk           |     2 |     3 |    12 |    19 |    22 ||    58
       Trog's Hand       |       |     1 |       |       |     1 ||     2
       Brothers in Arms  |       |       |       |     3 |     3 ||     6
  Use: Scroll            |     2 |    11 |     6 |    10 |     6 ||    35
       Potion            |     1 |     4 |     1 |     4 |       ||    10
 Stab: Confused          |       |       |       |     1 |     3 ||     4
Armor: Animal skin       |    10 |       |       |       |       ||    10
       Leather armour    |     7 |     2 |       |       |       ||     9
       Scale mail        |       |    13 |       |       |       ||    13
       Swamp dragon scal |       |    17 |    70 |    11 |       ||    98
       Plate armour      |       |       |       |    88 |   154 ||   242
Dodge: Dodged            |    38 |    26 |    75 |    89 |    86 ||   314
Block: Kite shield       |       |    23 |   101 |   258 |   246 ||   628
       Reflection        |       |       |       |     5 |    17 ||    22

Table legend:
 A = Non-vault XP
 B = Vault XP
 C = Vault XP percentage of total XP
 D = Non-vault monster count
 E = Vault monster count
 F = Vault count percentage of total count
                 A         B        C        D         E       F
            +---------+---------+-------+---------+---------+-------
      Total |   67230 |   26253 |  28.1 |     373 |     100 |  21.1
            +---------+---------+-------+---------+---------+-------
        D:1 |      37 |       3 |   7.5 |      23 |       2 |   8.0
        D:2 |      69 |      35 |  33.7 |      18 |       1 |   5.3
        D:3 |      48 |     286 |  85.6 |      15 |       1 |   6.2
        D:4 |      31 |       0 |   0.0 |       9 |       0 |   0.0
        D:5 |     512 |       0 |   0.0 |      21 |       0 |   0.0
        D:6 |     838 |       0 |   0.0 |      10 |       0 |   0.0
        D:7 |    1792 |     428 |  19.3 |      40 |       1 |   2.4
        D:8 |     889 |     421 |  32.1 |      21 |       1 |   4.5
        D:9 |    3149 |     754 |  19.3 |      25 |      34 |  57.6
       D:10 |    4194 |     851 |  16.9 |      17 |       1 |   5.6
       D:11 |    5476 |     928 |  14.5 |      25 |       1 |   3.8
       D:12 |    4278 |     340 |   7.4 |      15 |       1 |   6.2
       D:13 |    9284 |    4096 |  30.6 |      18 |      19 |  51.4
       D:14 |   10228 |     827 |   7.5 |      18 |       1 |   5.3
     Lair:1 |    6228 |     794 |  11.3 |      25 |       1 |   3.8
     Lair:2 |    8946 |    2192 |  19.7 |      35 |       6 |  14.6
     Lair:3 |    1541 |    2031 |  56.9 |       8 |       4 |  33.3
     Lair:4 |    3321 |     389 |  10.5 |      13 |       1 |   7.1
     Lair:5 |    6369 |   11878 |  65.1 |      17 |      25 |  59.5
            +---------+---------+-------+---------+---------+-------
